 Dungeon Crawl Stone Soup version 0.31-a0-524-g2a164cf6a2 (webtiles) character file.

Game seed: 12638236693028411737

6321 AdnanSaban the Basher (level 10, -6/64 HPs)
             Began as a Gargoyle Fighter on Aug 12, 2023.
             Was an Elder of Okawaru.
             Mangled by a yak (10 damage)
             ... on level 8 of the Dungeon.
             The game lasted 00:08:39 (8488 turns).

AdnanSaban the Basher (Gargoyle Fighter)            Turns: 8488, Time: 00:08:39

Health: -6/64      AC: 28    Str: 24    XL:     10   Next: 95%
Magic:  12/13      EV:  9    Int:  9    God:    Okawaru [****..]
Gold:   560        SH:  5    Dex:  9    Spells: 9/9 levels left

rFire   . . .        s - +4 flail (protect)
rCold   . . .        c - +0 buckler
rNeg    + . .        F - +0 chain mail
rPois   ∞            l - +1 helmet
rElec   +            (no cloak)
rCorr   +            j - +0 pair of gloves
SInv    .            (no boots)
Will    .....        (no amulet) Stlth
                     r - ring of resist corrosion
HPRegen 0.30/turn    (no ring)
MPRegen 0.13/turn

%: no passive effects
@: under a protective aura
A: sickness immunity, AC +7, negative energy resistance 1, electricity
resistance, torment resistance 1, petrification resistance
a: Renounce Religion, Heroism, Finesse


You were on level 8 of the Dungeon.
You worshipped Okawaru.
Okawaru was greatly pleased with you.
You visited 2 branches of the dungeon, and saw 9 of its levels.
You also visited: Sewer.

You collected 560 gold pieces.

Inventory:

Hand Weapons
 s - a +4 flail of protection (weapon)
Missiles
 b - a curare-tipped dart
 x - 2 throwing nets
 D - 8 poisoned darts (quivered)
 I - 6 silver javelins
Armour
 c - a +0 buckler (worn)
 j - a +0 pair of gloves (worn)
 l - a +1 helmet (worn)
 F - a +0 chain mail (worn)
Jewellery
 r - a ring of resist corrosion (left hand)
 G - a ring of ice
Wands
 k - a wand of flame (25)
 B - a wand of roots (18)
 E - a wand of mindburst (9)
Scrolls
 f - 4 scrolls of fear {unknown}
 g - 13 scrolls of identify {unknown}
 h - 2 scrolls of poison {unknown}
 i - a scroll of immolation {unknown}
 n - 3 scrolls of teleportation {unknown}
 p - 3 scrolls of fog {unknown}
 u - a scroll of enchant weapon {unknown}
 y - 3 scrolls of blinking {unknown}
 C - a scroll of summoning {unknown}
 H - a scroll of silence {unknown}
Potions
 a - a potion of brilliance {unknown}
 d - 5 potions of might
 e - 6 potions of heal wounds {unknown}
 m - 3 potions of lignification {unknown}
 o - 3 potions of curing {unknown}
 q - 2 potions of haste {unknown}
 t - 2 potions of degeneration {unknown}
 v - 2 potions of mutation {unknown}
 w - 2 potions of magic {unknown}
 z - a potion of resistance {unknown}
 A - 3 potions of cancellation {unknown}


   Skills:
 + Level 7.9 Fighting
 + Level 10.6 Maces & Flails
 + Level 7.3 Armour
 + Level 4.2 Dodging
 + Level 0.9 Stealth
 + Level 7.1 Shields
 * Level 4.0 Invocations


You had 9 spell levels left.
You didn't know any spells.
Your spell library contained the following spells:

 Spells                   Type           Power      Damage    Failure   Level
 Freeze                   Ice            0%         1d3       92%         1
 Shock                    Conj/Air       0%         1d3       92%         1
 Frozen Ramparts          Ice            0%         1d1       100%        3
 Hailstorm                Conj/Ice       0%         3d3       100%        3
 Swiftness                Air            0%         N/A       100%        3
 Volatile Blastmotes      Fire/Tloc      0%         2d10      100%        3
 Airstrike                Air            0%         2d(0-16)  100%        4
 Anguish                  Hex/Necr       0%         N/A       100%        4
 Cause Fear               Hex            0%         N/A       100%        4
 Fulminant Prism          Conj/Hex       0%         3d5       100%        4
 Iskenderun's Mystic Bla  Conj/Tloc      0%         2d3       100%        4
 Eringya's Noxious Bog    Tmut/Pois      0%         4d6       100%        6
 Enfeeble                 Hex            0%         N/A       100%        7
 Summon Forest            Summ/Tloc      Unusable   N/A       N/A         5
 Summon Hydra             Summ           Unusable   N/A       N/A         7

Dungeon Overview and Level Annotations

Branches:
Dungeon (8/15)             Temple (1/1) D:4           Sewer (visited)
   Lair: D:8-11

Altars:
Ashenzari
Cheibriados
Dithmenos
Elyvilon
Fedhas
Gozag
Kikubaaqudgha
Makhleb
Nemelex Xobeh
Okawaru
Qazlal
Ru
Sif Muna
Trog
Uskayaw
Vehumet
Wu Jian
Xom
Yredelemnul
Zin
The Shining One

Shops:
D:3 *

Annotations:
D:4 1 runed translucent door, Zero's ghost, novice MiGl
D:8 1 transporter


Innate Abilities, Weirdness & Mutations

You are immune to sickness and miasma.
Your stone body is resilient. (AC +7)
You are immune to poison.
You resist negative energy. (rN+)
You are resistant to electric shocks. (rElec)
You are resistant to unholy torment.
You are immune to petrification.


Message History

You are too injured to fight recklessly!
You are too injured to fight recklessly!
You are too injured to fight recklessly!
You are too injured to fight recklessly!
You are too injured to fight recklessly!
You sock the yak!
You kill the yak!
Okawaru accepts your kill.
The yak gores you but does no damage. x2
You sock the yak!
The yak is heavily wounded.
The yak gores you but does no damage. You block the yak's attack.
You hit the yak.
The yak is heavily wounded.
The yak gores you!
* * * LOW HITPOINT WARNING * * *
The yak barely misses you.
You sock the yak!
The yak is severely wounded.
The yak gores you!
* * * LOW HITPOINT WARNING * * *
The yak gores you but does no damage.
You hit the yak.
The yak is almost dead.
You block the yak's attack. The yak gores you but does no damage.
You hit the yak but do no damage.
The yak is almost dead.
You block the yak's attack. The yak gores you but does no damage.
You closely miss the yak.
The yak is almost dead.
The yak gores you but does no damage. x2
You hit the yak.
The yak is almost dead.
You thump the yak!
You kill the yak!
Okawaru accepts your kill. You block the yak's attack.
Your Invocations skill increases to level 4!
The yak gores you!
You die...

#......###......#
...## #......#
#......# ....##
#......# #......#
.....##
#......###......#
.....
#..............##
#..........#####
#..........#####
##
#......†Y.......
#8
#.......@.......
#.
#######††.......
#© #......... #.
#......... 8.©.
#8 ##########
######## #8.©.8#
#.....# #.....#
#.....#


You could see a yak.

Vanquished Creatures
  Pikel (D:6)
  Jeremiah (D:7)
  Joseph (D:7)
  A wyvern (D:7)
  4 yaks (D:8)
  Edmund (D:6)
  A water moccasin (D:4)
  3 ice beasts
  An orc warrior (D:7)
  2 black bears (D:7)
  2 sky beasts (D:6)
  3 ogres
  5 centaurs
  A lemure (D:6)
  3 kobold brigands
  2 phantoms
  8 bullfrogs
  4 scorpions
  4 wights (D:6)
  3 killer bees (D:7)
  3 howler monkeys
  4 jellies
  5 orc priests
  2 hounds
  3 sleepcaps
  7 iguanas
  7 orc wizards
  Robin (D:1)
  18 adders
  7 gnolls
  2 river rats (Sewer)
  2 shadow imps (D:5)
  3 white imps
  A worm (D:2)
  2 dart slugs
  21 orcs
  2 bats
  12 endoplasms
  4 giant cockroaches
  10 goblins
  9 hobgoblins
  3 jackals
  6 quokkas
  12 ball pythons
  9 frilled lizards
  11 kobolds
  26 rats
  A spectral goblin (D:2)
244 creatures vanquished.

Vanquished Creatures (others)
  An orc wizard (D:4)
1 creature vanquished.

Grand Total: 245 creatures vanquished

Notes
Turn   | Place    | Note
-------+----------+-------------------------------------------
     0 | D:1      | AdnanSaban the Gargoyle Fighter began the quest for the
                  | Orb.
     0 | D:1      | Reached XP level 1. HP: 14/14 MP: 1/1
   259 | D:1      | Reached XP level 2. HP: 19/19 MP: 2/2
  1017 | D:2      | Reached XP level 3. HP: 23/23 MP: 3/3
  1138 | D:2      | Found a faded altar of an unknown god.
  1269 | D:2      | Noticed a phantom
  1280 | D:2      | Noticed Robin
  1381 | D:1      | Killed a phantom
  1382 | D:1      | Reached skill level 3 in Maces & Flails
  1382 | D:1      | Reached XP level 4. HP: 22/29 MP: 4/4
  1420 | D:1      | Killed Robin
  1421 | D:1      | Reached XP level 5. HP: 8/33 MP: 5/5
  1703 | D:2      | Reached skill level 1 in Dodging
  1930 | D:3      | Reached XP level 6. HP: 35/38 MP: 6/6
  2069 | D:3      | Found Vyclaini's Assorted Antiques.
  2417 | D:3      | Reached skill level 4 in Maces & Flails
  2430 | D:3      | Found a shimmering altar of Xom.
  2462 | D:3      | Found a sacrificial altar of Ru.
  2993 | D:3      | HP: 1/38 [orc/+4 flail of protection (3)]
  2998 | D:3      | HP: 1/38 [adder (1)]
  3243 | D:4      | Noticed Zero's ghost (novice MiGl)
  3375 | D:4      | Found a runed translucent door.
  3385 | D:4      | Found a staircase to the Ecumenical Temple.
  3467 | D:4      | Reached skill level 5 in Armour
  3467 | D:4      | Reached XP level 7. HP: 22/43 MP: 7/7
  3690 | D:4      | Reached skill level 5 in Maces & Flails
  3991 | D:5      | Entered Level 5 of the Dungeon
  4376 | D:5      | Reached XP level 8. HP: 33/48 MP: 8/8
  4508 | D:5      | Reached skill level 6 in Maces & Flails
  4626 | D:5      | Reached skill level 5 in Fighting
  4692 | Temple   | Entered the Ecumenical Temple
  4701 | Temple   | Became a worshipper of Warmaster Okawaru
  4826 | D:5      | Reached skill level 5 in Shields
  5112 | D:6      | Found a glowing drain.
  5122 | Sewer    | Entered a sewer
  5152 | Sewer    | Reached skill level 7 in Maces & Flails
  5410 | Sewer    | Reached * piety under Okawaru
  5421 | Sewer    | Reached XP level 9. HP: 50/55 MP: 9/9
  5681 | D:6      | Noticed Edmund
  5702 | D:6      | Killed Edmund
  5757 | D:6      | Reached ** piety under Okawaru
  5758 | D:6      | Reached skill level 8 in Maces & Flails
  6060 | D:6      | Noticed Pikel
  6074 | D:6      | Killed Pikel
  6075 | D:6      | Reached skill level 9 in Maces & Flails
  6157 | D:6      | Reached XP level 10. HP: 52/63 MP: 10/10
  6160 | D:6      | Reached *** piety under Okawaru
  6514 | D:7      | Noticed Joseph
  6531 | D:7      | Killed Joseph
  6639 | D:7      | Noticed Jeremiah
  6989 | D:7      | Reached skill level 1 in Invocations
  7384 | D:7      | Reached skill level 10 in Maces & Flails
  7662 | D:7      | Killed Jeremiah
  7662 | D:7      | Reached **** piety under Okawaru
  8322 | D:8      | Found a transporter.
  8482 | D:8      | HP: 2/64 [yak (7)]
  8488 | D:8      | Mangled by a yak

Illustrated notes

Levels and vault maps discovered:
D:1:      kilobyte_arrival_exit_the_forest, layout_loops_ring,
          grunt_decor_clamped, chequers_serial_rivers_micro_d
D:2:      layout_basic, dreamdust_ecumenical_altar_drowned_temple, uniq_robin
D:3:      minmay_wonky_spiral, layout_basic, mainiacjoe_overflow_two_lobes,
          serial_shops, nicolae_shop_behind_doors
D:4:      layout_rooms, minmay_temple_entry_from_below_a, serial_corexii_hall,
          chequers_hall_statues_y, chequers_hall_statues_corner_a,
          hellmonk_ghost_happy_afterlife, dreamdust_mushroom_princess,
          minmay_misc_feat_x
D:5:      layout_basic, minmay_bent
D:6:      minmay_chambers_of_threes, layout_loops_ring, portal_sewer_entry_a,
          uniq_edmund, uniq_pikel
D:7:      layout_basic, nicolae_concentric_dashed_squares_mild,
          nicolae_twisty_statue_hallways, uniq_jeremiah, uniq_joseph
D:8:      layout_basic, nicolae_diode_intersection
Temple:   nicolae_temple_bog_church

Skill      XL: |  1  2  3  4  5  6  7  8  9 10 |
---------------+-------------------------------+-----
Maces & Flails | 3 4 5 7 9 10 | 10.6
Armour         | 4 5 6 7 |  7.3
Shields        | 4 5 6 7 |  7.1
Dodging        | 1 2 3 4 |  4.2
Fighting       | 4 5 7 |  7.9
Invocations    | 4 |  4.0
Stealth        | |  0.9

Action                     |  1- 3 |  4- 6 |  7- 9 | 10-12 || total
---------------------------+-------+-------+-------+-------++-------
  Melee: Flail             |   119 |   225 |   380 |   202 ||   926
  Throw: Dart              |       |       |       |     1 ||     1
 Armour: Scale mail        |    76 |   144 |   304 |    25 ||   549
         Chain mail        |       |       |       |    91 ||    91
  Dodge: Dodged            |    55 |   102 |   264 |    85 ||   506
  Block: Buckler           |    29 |    62 |   119 |    49 ||   259

Table legend: (Time is in decaauts)
 A = Elapsed time spent in this place.
 B = Non-inter-level travel time spent in this place.
 C = Inter-level travel time spent in this place.
 D = Time resting spent in this place.
 E = Time spent auto-exploring this place.
 F = Levels seen in this place.
 G = Mean time per level.
                   A        B        C        D        E       F      G
               +--------+--------+--------+--------+--------+-----+--------+
         Total |   8654 |   8280 |    374 |    413 |   6077 |  10 |  865.4 |
       Dungeon |   8246 |   7888 |    358 |    413 |   5867 |   8 | 1030.8 |
        Temple |     18 |      2 |     16 |      0 |      0 |   1 |   18.0 |
         Sewer |    389 |    389 |      0 |      0 |    210 |   1 |  389.0 |
               +--------+--------+--------+--------+--------+-----+--------+

Top non-repeatable levels by time:
     D:3: 1337 daAuts
     D:6: 1285 daAuts
     D:7: 1267 daAuts
     D:1: 1141 daAuts
     D:5: 1092 daAuts
     D:4: 878 daAuts
     D:2: 771 daAuts
     D:8: 471 daAuts
   Sewer: 389 daAuts
  Temple: 18 daAuts
